 Dungeon Crawl Stone Soup version 0.22-a0-570-g58866f5 (webtiles) character file.

15818 kae the Covert (level 12, -8/56 HPs)
             Began as a Spriggan Enchanter on June 30, 2018.
             Was a Priest of Dithmenos.
             Hit by a stone thrown by a skeletal warrior (21 damage)
             ... led by a death knight
             ... on level 11 of the Dungeon.
             The game lasted 00:21:28 (15846 turns).

kae the Covert (Spriggan Enchanter)                Turns: 15846, Time: 00:21:30

Health: -8/56      AC:  8    Str:  7    XL:     12   Next: 4%
Magic:  10/35      EV: 18    Int: 17    God:    Dithmenos [***...]
Gold:   435        SH:  0    Dex: 20    Spells: 24/30 levels left

rFire    . . .     SeeInvis +   a - +2 dagger (freeze)
rCold    . . .     Gourm    .   (shield restricted)
rNeg     . . .     Faith    .   N - +5 robe of Night {Dark MR+ SInv}
rPois    .         Spirit   .   (helmet restricted)
rElec    .         Reflect  .   t - +0 cloak
rCorr    .         Harm     .   (gloves unavailable)
MR       +++..                  (boots unavailable)
Stlth    ++++++++..             (no amulet)
HPRegen  0.18/turn              A - +2 ring of dexterity
MPRegen  0.24/turn              f - ring of magical power

@: wreathed by umbra, very quick
A: very small, unfitting armour, see invisible, herbivore, speed 3, slow
metabolism 2
a: Shadow Step, Renounce Religion


You were on level 11 of the Dungeon.
You worshipped Dithmenos.
Dithmenos was most pleased with you.
You were hungry.

You visited 2 branches of the dungeon, and saw 14 of its levels.
You also visited: Ossuary and Ice Cave.

You collected 564 gold pieces.
You spent 129 gold pieces at shops.

Inventory:

Hand Weapons
 a - a +2 dagger of freezing (weapon)
Armour
 b - a +0 robe
 h - a +1 robe of cold resistance
 t - a +0 cloak (worn)
 J - a +0 troll leather armour
 N - the +5 robe of Night (worn) {Dark MR+ SInv}
   (You found it on level 12 of the Dungeon)

   It affects your resistance to hostile enchantments.
   It lets you see invisible.
Jewellery
 f - a ring of magical power (right hand)
 n - an uncursed ring of protection from fire
 p - an uncursed ring of protection from cold
 z - an uncursed ring of poison resistance
 A - a +2 ring of dexterity (left hand)
 D - an uncursed ring of resist corrosion
Wands
 e - a wand of polymorph (23)
 E - a wand of iceblast (24)
 F - a wand of paralysis (16)
 H - a wand of acid (9)
Scrolls
 g - a scroll of fog
 i - 6 scrolls of fear
 j - 4 scrolls of identify
 m - 4 scrolls of teleportation
 q - 2 scrolls of magic mapping
 r - 2 scrolls of immolation
 y - 5 scrolls of remove curse
 C - 3 scrolls of enchant armour
 I - a scroll of noise {unknown}
Potions
 c - 3 potions of heal wounds
 k - 4 potions of mutation
 l - a potion of agility
 o - 4 potions of haste
 s - a potion of lignification
 u - a potion of invisibility
 v - 4 potions of might
 w - 2 potions of brilliance
 x - 11 potions of curing
 B - a potion of berserk rage
 G - a potion of magic
Comestibles
 d - 14 rations


   Skills:
 + Level 2.7 Fighting
 * Level 12.1 Short Blades
 - Level 3.0 Dodging
 + Level 13.9 Stealth
 + Level 9.8 Spellcasting
 + Level 10.1 Hexes
 + Level 6.8 Invocations


You had 24 spell levels left.
You knew the following spells:

 Your Spells              Type           Power        Failure   Level  Hunger
a - Corona                Hex            #####..      1%          1    None
b - Ensorcelled Hibernat  Hex/Ice        ####..       1%          2    None
c - Confuse               Hex            #####...     1%          3    None

Your spell library contained the following spells:

 Spells                   Type           Power        Failure   Level  Hunger
 Magic Dart               Conj           #...         9%          1    None
 Conjure Flame            Conj/Fire      #.......     26%         3    None
 Slow                     Hex            #####...     1%          2    None
 Mephitic Cloud           Conj/Pois/Air  #.......     26%         3    None
 Blink                    Tloc           N/A          13%         2    None
 Call Imp                 Summ           #.......     13%         2    None
 Tukima's Dance           Hex            #####...     1%          3    None
 Confusing Touch          Hex            #####.       1%          1    None
 Metabolic Englaciation   Hex/Ice        ####......   30%         5    #####..
 Petrify                  Tmut/Erth      #.......     65%         4    ###....
 Dazzling Spray           Conj/Hex       ####..       3%          3    None
 Gell's Gravitas          Tloc           #.........   26%         3    None
 Yara's Violent Unravell  Hex/Tmut       ####......   30%         5    #####..


Dungeon Overview and Level Annotations

Branches:
Dungeon (13/15)            Temple (1/1) D:5             Orc (0/2) D:12
   Lair: D:8-11      Vaults: D:13-14

Altars:
Ashenzari
Cheibriados
Dithmenos
Fedhas
Gozag
Kikubaaqudgha
Makhleb
Nemelex Xobeh
Okawaru
Qazlal
Ru
Sif Muna
Uskayaw
Vehumet
Wu Jian
Xom
Yredelemnul

Shops:
D:4 ?(   D:6 *   D:8 =   D:10 *   D:13 [

Annotations:
D:9 1 runed door, Hebeh's ghost, novice MiFi
D:11 Snorg
D:12 exclusion: ugly thing, Frances
D:13 exclusion: slime creature


Innate Abilities, Weirdness & Mutations

You are very small and have problems with some larger weapons.
You are too small for most types of armour.
You have supernaturally acute eyesight. (SInv)
You are a herbivore.
You cover ground extremely quickly.
You need to consume almost no food.


Message History

Press: ? - help, Shift-Dir - straight line, f/p - skeletal warrior
Aim: a skeletal warrior, wielding a halberd (umbra, chance to defeat MR: 8%)
The skeletal warrior resists with almost no effort.
Casting: Confuse (safe; 1% risk of failure)
Confirm with . or Enter, or press ? or * to list all spells.
Aiming: Confuse (safe; 1% risk of failure)
Press: ? - help, Shift-Dir - straight line, f/p - skeletal warrior
Aim: a skeletal warrior, wielding a halberd (umbra, chance to defeat MR: 8%)
The skeletal warrior resists with almost no effort.
The skeletal warrior hits you from afar with a halberd!!
Casting: Confuse (safe; 1% risk of failure)
Confirm with . or Enter, or press ? or * to list all spells.
Aiming: Confuse (safe; 1% risk of failure)
Press: ? - help, Shift-Dir - straight line, f/p - skeletal warrior
Aim: a skeletal warrior, wielding a halberd (umbra, chance to defeat MR: 8%)
The skeletal warrior resists with almost no effort.
The skeletal warrior hits you from afar with a halberd!!
* * * LOW HITPOINT WARNING * * *
The skeletal warrior throws a stone.
The stone hits you!!
You die...

###### ########....#
.......#.##.#
.#####.#.##.# #.
####.#.##@##########
#.##......##(..z......#
#.##.##.#############.#
#.##.##.# #.# #.......#
#.# #....#### #.#
#.#### #####.# #.#
#.....# #.# #.#####


You could see a skeletal warrior.

Vanquished Creatures
  A death knight (D:11)
  Erica (D:9)
  2 two-headed ogres
  Pikel (D:8)
  A deep elf mage (D:11)
  3 ugly things
  2 manticores
  Maurice (D:8)
  A freezing wraith (D:11)
  2 trolls
  A wind drake (shapeshifter) (D:13)
  3 slime creatures (D:12)
  2 hippogriffs
  Sigmund (D:2)
  A wyvern (D:11)
  A spriggan (D:8)
  5 yaks (D:10)
  2 hungry ghosts
  A vampire mosquito (D:13)
  A soldier ant (D:13)
  A porcupine (D:11)
  An ice beast (D:11)
  3 water moccasins
  5 orc warriors
  3 sky beasts
  2 necrophages
  8 ogres
  2 centaurs
  A crocodile (D:11)
  2 big kobolds (D:10)
  6 bullfrogs
  A gnoll sergeant (D:9)
  7 water moccasin zombies
  A wyvern skeleton (D:12)
  4 scorpions
  4 killer bees (D:8)
  10 wights
  A howler monkey (D:4)
  A crimson imp (D:12)
  2 jellies (D:7)
  A quasit (D:9)
  5 centaur zombies
  2 hounds
  A centaur skeleton (D:7)
  4 orc priests
  5 orc wizards (D:4)
  Crazy Yiuf (D:4)
  2 bullfrog skeletons
  2 iguanas
  Ijyb (D:4)
  8 worker ants
  2 big kobold zombies (Ossuary)
  A hound zombie (D:5)
  2 hound skeletons
  2 mummies (Ossuary)
  21 adders
  10 gnolls
  A shadow imp (D:12)
  12 white imps (D:12)
  2 oozes
  5 adder zombies (Ossuary)
  4 worms
  A dart slug (D:1)
  A leopard gecko (D:7)
  26 orcs
  2 ball pythons
  7 bats
  8 giant cockroaches
  A gnoll zombie (Ossuary)
  8 goblins
  7 hobgoblins
  3 jackals (D:1)
  12 kobolds
  8 quokkas
  3 frilled lizards
  8 hobgoblin zombies (Ossuary)
  A jackal skeleton (D:5)
  6 kobold zombies (Ossuary)
  2 leopard gecko zombies
  2 orc zombies (Ossuary)
  A quokka skeleton (D:8)
  10 rats
309 creatures vanquished.

Vanquished Creatures (others)
  3 slaves (D:8)
  A killer bee (D:8)
  18 fungi (D:11)
  14 plants (D:11)
36 creatures vanquished.

Grand Total: 345 creatures vanquished

Notes
Turn   | Place    | Note
-------+----------+-------------------------------------------
     0 | D:1      | kae the Spriggan Enchanter began the quest for the Orb.
     0 | D:1      | Reached XP level 1. HP: 9/9 MP: 5/5
   194 | D:1      | Reached XP level 2. HP: 12/13 MP: 6/6
   200 | D:1      | Learned a level 2 spell: Ensorcelled Hibernation
   340 | D:1      | Reached skill level 5 in Stealth
   467 | D:1      | Found a sparkling altar of Nemelex Xobeh.
   742 | D:1      | Reached XP level 3. HP: 2/16 MP: 1/8
  1243 | D:2      | Noticed Sigmund
  2237 | D:2      | Reached XP level 4. HP: 20/21 MP: 9/9
  2299 | D:2      | Learned a level 3 spell: Confuse
  2319 | D:2      | Killed Sigmund
  2319 | D:2      | Reached skill level 6 in Stealth
  2319 | D:2      | Reached XP level 5. HP: 24/24 MP: 11/11
  2619 | D:2      | Reached skill level 7 in Stealth
  2636 | D:2      | Found a blossoming altar of Fedhas.
  2738 | D:2      | Reached XP level 6. HP: 26/28 MP: 12/12
  2823 | D:2      | Found an iron altar of Okawaru.
  2917 | D:3      | Found a glowing drain.
  3188 | D:3      | Found a shattered altar of Ashenzari.
  3191 | D:3      | Found a burning altar of Makhleb.
  4283 | D:4      | Reached skill level 5 in Hexes
  4472 | D:4      | Reached skill level 8 in Stealth
  4494 | D:4      | Reached XP level 7. HP: 32/32 MP: 14/14
  4501 | D:4      | Found Ginoytug's Antique Weapon Boutique.
  4850 | D:4      | Found a runed door.
  4926 | D:4      | Reached skill level 5 in Short Blades
  4999 | D:4      | Noticed Ijyb
  5007 | D:4      | Killed Ijyb
  5029 | D:4      | Found Jymam's Magic Scroll Shoppe.
  5033 | D:4      | Bought a scroll of magic mapping for 45 gold pieces
  5033 | D:4      | Bought a scroll of identify for 26 gold pieces
  5033 | D:4      | Bought a scroll of identify for 26 gold pieces
  5949 | D:4      | Reached skill level 9 in Stealth
  5949 | D:4      | Reached skill level 5 in Spellcasting
  6023 | D:4      | Noticed Crazy Yiuf
  6027 | D:4      | Killed Crazy Yiuf
  6153 | D:5      | Entered Level 5 of the Dungeon
  6210 | D:5      | Found a staircase to the Ecumenical Temple.
  6222 | D:5      | Reached XP level 8. HP: 36/36 MP: 16/16
  6225 | Temple   | Entered the Ecumenical Temple
  6279 | Temple   | Became a worshipper of Dithmenos the Shadowed
  6825 | D:6      | Reached skill level 10 in Stealth
  6860 | D:6      | Reached skill level 1 in Invocations
  7006 | D:6      | Found a sand-covered staircase.
  7011 | Ossuary  | Entered an ossuary
  7250 | Ossuary  | Reached * piety under Dithmenos
  8058 | D:6      | Reached XP level 9. HP: 39/39 MP: 19/19
  8295 | D:6      | Found Gozag's Platinum Reserve.
  8295 | D:6      | Found an opulent altar of Gozag.
  8525 | D:6      | You fall through a shaft!
  9001 | D:7      | Reached skill level 11 in Stealth
  9119 | D:7      | Reached ** piety under Dithmenos
  9763 | D:8      | Noticed Pikel
  9773 | D:8      | Killed Pikel
 10251 | D:8      | Noticed Maurice
 10253 | D:8      | Killed Maurice
 10309 | D:8      | Found Bineepa's Jewellery Emporium.
 10397 | D:8      | Found a sparkling altar of Nemelex Xobeh.
 10506 | D:8      | Reached XP level 10. HP: 44/44 MP: 22/22
 10754 | D:9      | Noticed Erica
 10970 | D:9      | Killed Erica
 10970 | D:9      | Reached skill level 12 in Stealth
 11525 | D:9      | Reached skill level 10 in Short Blades
 11526 | D:9      | Noticed a two-headed ogre
 11593 | D:9      | HP: 2/44 [poisoned by a centaur]
 11775 | D:9      | Killed a two-headed ogre
 11775 | D:9      | Reached skill level 5 in Invocations
 12137 | D:9      | Found a runed door.
 12137 | D:9      | Noticed Hebeh's ghost (novice MiFi)
 12268 | D:10     | Entered Level 10 of the Dungeon
 12268 | D:10     | Found Cuurirph's Assorted Antiques.
 12286 | D:10     | Reached *** piety under Dithmenos
 12491 | D:10     | Reached XP level 11. HP: 47/47 MP: 24/24
 12556 | D:10     | Noticed a two-headed ogre
 12679 | D:10     | Killed a two-headed ogre
 12761 | D:10     | Reached skill level 13 in Stealth
 12776 | D:10     | Bought a scroll labeled JUMUVA WELUQ for 32 gold pieces
 12829 | D:10     | You fall through a shaft for 3 floors!
 12946 | D:13     | Noticed a deep elf knight
 12946 | D:13     | Noticed a flayed ghost
 12946 | D:13     | Noticed a flayed ghost
 12947 | D:13     | Noticed a brown ugly thing
 12949 | D:13     | Noticed a two-headed ogre
 13094 | D:13     | Reached skill level 1 in Fighting
 13189 | D:13     | Found Rut Icha's Antique Armour Shop.
 13189 | D:13     | Noticed a white ugly thing
 13192 | D:13     | Killed a white ugly thing
 13622 | D:12     | Noticed Frances
 13623 | D:12     | Noticed a purple ugly thing
 13631 | D:12     | Found a frozen archway.
 13829 | IceCv    | Entered an ice cave
 14493 | D:12     | Found a staircase to the Orcish Mines.
 14634 | D:12     | Noticed a brown ugly thing
 14648 | D:12     | Killed a brown ugly thing
 14751 | D:12     | Found the +5 robe of Night {Dark MR+ SInv}
 14880 | D:12     | Noticed a cyan ugly thing
 14882 | D:12     | Found a shimmering altar of Xom.
 14882 | D:12     | Found a glowing golden altar of the Shining One.
 14882 | D:12     | Found a glowing silver altar of Zin.
 14883 | D:12     | Killed a cyan ugly thing
 14887 | D:12     | Found a shimmering altar of Xom.
 14887 | D:12     | Found a sparkling altar of Nemelex Xobeh.
 14887 | D:12     | Found a shattered altar of Ashenzari.
 15022 | D:11     | Noticed Snorg
 15165 | D:11     | Noticed a deep elf mage
 15175 | D:11     | Killed a deep elf mage
 15361 | D:11     | Noticed a skeletal warrior
 15372 | D:11     | Reached skill level 10 in Hexes
 15714 | D:11     | Noticed a phantasmal warrior
 15784 | D:11     | Noticed a death knight
 15834 | D:11     | Killed a death knight
 15834 | D:11     | Reached XP level 12. HP: 50/56 MP: 22/26
 15846 | D:11     | Hit by a stone thrown by a skeletal warrior

Vault maps used:
D:1:      ncdulo_smallfort, nemelex_diamond_rough_becter
D:2:      okawaru_altar_gauntlet_db, fedhas_altar_1, uniq_sigmund
D:3:      minitemple, first_ration, gup_sewer_entry_glass
D:4:      serial_shops, shop, shop, uniq_crazy_yiuf_cottage, uniq_ijyb
D:5:      minmay_temple_entry_statues_pillars
D:6:      enter_ossuary_5, nicolae_lava_and_water, mrwooster_statue_mirror,
          nicolae_gozag_zags_fifth_avenue
D:7:      minmay_item_behind_shaft, minmay_checkerbox
D:8:      nemelex_altar_shiori, serial_shops, nicolae_shop_window_shopping,
          the_bakery, uniq_maurice, uniq_pikel
D:9:      ebering_ghost_reflecting_pool, uniq_erica
D:10:     serial_shops, shop
D:11:     grunt_lair_entry_orc_guard_hut, kennysheep_generic_room_13, uniq_snorg
D:12:     orc_0_dummy, portal_ice_cave_entry_imps, doesnt_xom_only_xom,
          uniq_frances
D:13:     serial_shops, shop, gammafunk_ghost_necromancy, minivault_28
Temple:   regret_index_temple_mists
Ossuary:  ossuary_tomb_2
IceCv:    ice_cave_small_necro

Skill      XL: |  1  2  3  4  5  6  7  8  9 10 11 |
---------------+----------------------------------+-----
Stealth        | 5 6 7 8 9 10 11 12 13 | 13.9
Spellcasting   | 3 4 5 6 7 8 9 |  9.8
Short Blades   | 2 3 4 5 7 9 10 12 | 12.1
Hexes          | 4 5 6 7 9 10 | 10.1
Invocations    | 2 4 5 6 |  6.8
Fighting       | 2 |  2.7
Dodging        | |  3.0

Action                   |  1- 3 |  4- 6 |  7- 9 | 10-12 || total
-------------------------+-------+-------+-------+-------++-------
Melee: Dagger            |    96 |   146 |   312 |   258 ||   812
 Cast: Corona            |    12 |     2 |     4 |       ||    18
       Ensorcelled Hiber |    28 |    40 |    79 |   141 ||   288
       Confuse           |       |     4 |    26 |    60 ||    90
Invok: Shadow Step       |       |       |       |     1 ||     1
  Use: Scroll            |     3 |     1 |     9 |    12 ||    25
       Potion            |     2 |       |       |     1 ||     3
 Stab: Sleeping          |    22 |    26 |    73 |    81 ||   202
       Confused          |       |     3 |    17 |    36 ||    56
       Distracted        |       |     1 |       |     3 ||     4
  Eat: Ration            |       |     2 |     4 |     3 ||     9
Armor: Robe              |     9 |     9 |    17 |     6 ||    41
       Skin              |       |       |       |     1 ||     1
Dodge: Dodged            |    77 |   124 |   198 |   136 ||   535

Table legend:
 A = Spawn XP
 B = Non-spawn XP
 C = Spawn XP percentage of total XP
 D = Spawn monster count
 E = Non-spawn monster count
 F = Spawn count percentage of total count
 G = Total turns spent on level
                    A         B        C        D         E        F      G
               +---------+---------+-------+---------+---------+-------+---------
         Total |       0 |   22598 |   0.0 |       0 |     308 |   0.0 | 15846
               +---------+---------+-------+---------+---------+-------+---------
           D:1 |       0 |      41 |   0.0 |       0 |      19 |   0.0 |  1248
           D:2 |       0 |     366 |   0.0 |       0 |      36 |   0.0 |  1646
           D:3 |       0 |      86 |   0.0 |       0 |      16 |   0.0 |  1240
           D:4 |       0 |     817 |   0.0 |       0 |      31 |   0.0 |  2019
           D:5 |       0 |     332 |   0.0 |       0 |       8 |   0.0 |   485
           D:6 |       0 |     801 |   0.0 |       0 |      19 |   0.0 |   907
           D:7 |       0 |     757 |   0.0 |       0 |      16 |   0.0 |  1211
           D:8 |       0 |    1940 |   0.0 |       0 |      13 |   0.0 |  1075
           D:9 |       0 |    3871 |   0.0 |       0 |      34 |   0.0 |  1457
          D:10 |       0 |    2990 |   0.0 |       0 |      23 |   0.0 |   561
          D:11 |       0 |    4024 |   0.0 |       0 |      19 |   0.0 |   838
          D:12 |       0 |    3210 |   0.0 |       0 |      30 |   0.0 |  1439
          D:13 |       0 |    2767 |   0.0 |       0 |      13 |   0.0 |   730
       Ossuary |       0 |     596 |   0.0 |       0 |      31 |   0.0 |   911
               +---------+---------+-------+---------+---------+-------+---------
